Map: New Gettysburg LE

Players

Jamaii - Winner!

  • Race: Protoss Protoss
  • League: Gold
  • Spawn Location: 5:00

Fropez

  • Race: Protoss Protoss
  • League: Gold
  • Spawn Location: 7:00

VOD

Have the link to the VOD?

Description

Time

  • Played on: Oct. 11, 2016, 6:32 p.m.
  • Length: 14:51
Show
View Real Time Build Order
Export as new Build Order

Jamaii Protoss - Winner!

Build Orders:  

Get SALT Encoding   

  12  0:02  Probe (Chrono Boost)  
  13  0:12  Probe (Chrono Boost)  
  14  0:27  Pylon  
  15  0:28  Probe (Chrono Boost)  
  15  0:45  Probe (Chrono Boost)  
  16  0:51  Gateway  
  16  0:57  Probe (Chrono Boost)  
  17  1:00  Assimilator  
  17  1:07  Probe (Chrono Boost)  
  18  1:18  Probe (Chrono Boost)  
  19  1:20  Pylon  
  19  1:36  Probe (Chrono Boost)  
  20  1:45  Cybernetics Core  
  20  1:46  Probe (Chrono Boost)  
  21  1:57  Probe (Chrono Boost)  
  21  2:01  Gateway  
  22  2:08  Probe (Chrono Boost)  
  23  2:09  Pylon  
  23  2:18  Probe (Chrono Boost)  
  24  2:24  Warp Gate (Chrono Boost)  
  24  2:27  Nexus  
  24  2:42  Stalker  
  26  2:45  Probe  
  26  2:47  Cybernetics Core  
  27  3:04  Assimilator  
  27  3:06  Pylon  
  27  3:13  Mothership Core  
  26  3:35  Probe  
  27  3:47  Probe, Stalker  
  30  3:59  Probe  
  30  4:01  Pylon  
  30  4:02  Probe  
  32  4:11  Probe  
  32  4:13  Probe  
  34  4:23  Probe x2  
  34  4:41  Probe  
  34  4:42  Probe  
  34  4:51  Probe  
  32  4:54  Probe  
  32  4:55  Stalker  
  32  4:56  Stalker  
  38  5:02  Probe  
  38  5:06  Probe  
  40  5:12  Probe  
  40  5:16  Stargate  
  40  5:19  Probe, Stargate  
  42  5:25  Pylon  
  42  5:31  Probe x2  
  44  5:40  Pylon  
  44  5:41  Probe  
  44  5:43  Probe  
  46  5:52  Probe  
  46  5:53  Adept x2  
  46  5:55  Probe  
  52  6:03  Oracle x2 (Chrono Boost)  
  58  6:31  Robotics Facility  
  58  6:33  Robotics Facility  
  58  6:36  Forge  
  58  6:39  Forge  
  58  7:22  Oracle x2 (Chrono Boost)  
  64  7:33  Probe x2  
  64  7:36  Nexus  
  66  7:43  Pylon  
  66  7:45  Probe x2  
  66  7:47  Photon Cannon  
  66  7:51  Photon Cannon  
  68  7:52  Assimilator  
  68  7:53  Protoss Shields Level 1  
  68  7:58  Assimilator  
  67  8:18  Stalker x2  
  69  8:25  Gateway  
  69  8:26  Gateway  
  69  8:28  Gateway  
  69  9:20  Probe  
  69  9:22  Probe x2  
  72  9:28  Protoss Ground Weapons Level 1 (Chrono Boost)  
  72  9:31  Probe  
  72  9:34  Probe x2  
  75  9:38  Fleet Beacon  
  75  9:41  Probe  
  75  9:44  Assimilator  
  76  9:46  Pylon, Probe x2  
  76  9:47  Assimilator  
  76  9:49  Pylon  
  76  9:51  Pylon  
  76  9:52  Probe  
  78  9:54  Pylon  
  78  9:58  Probe x2  
  81  10:05  Protoss Ground Armor Level 1 (Chrono Boost)  
  80  10:20  Stalker x2  
  80  10:21  Stalker x2  
  87  10:32  Probe x3  
  89  10:43  Pylon  
  89  10:44  Pylon, Probe x2  
  89  10:45  Probe  
  89  10:47  Pylon  
  92  10:50  Pylon  
  92  10:53  Pylon  
  92  10:55  Stalker x5  
  92  10:56  Probe x2  
  92  10:57  Probe  
  105  10:59  Pylon  
  105  11:00  Nexus  
  93  11:19  Nexus  
  93  11:20  Assimilator  
  93  11:22  Assimilator  
  91  11:39  Probe x3  
  92  11:43  Pylon  
  92  11:47  Pylon, Protoss Air Weapons Level 1  
  92  11:49  Protoss Air Armor Level 1  
  92  11:50  Pylon  
  92  11:51  Probe x2  
  92  11:53  Pylon  
  94  11:55  Photon Cannon  
  94  12:00  Photon Cannon  
  94  12:03  Tempest (Chrono Boost)  
  94  12:04  Tempest (Chrono Boost)  
  102  12:13  Probe  
  102  12:14  Probe x2  
  102  12:15  Probe  
  106  12:20  Assimilator  
  106  12:23  Assimilator  
  106  12:24  Probe  
  106  12:26  Probe  
  106  12:27  Probe x2, Stalker  
  108  12:34  Probe  
  109  12:38  Probe  
  109  12:39  Probe x2  
  109  12:42  Tempest (Chrono Boost)  
  109  12:43  Tempest (Chrono Boost)  
  120  12:44  Photon Cannon  
  120  12:45  Probe  
  120  12:47  Photon Cannon  
  121  12:51  Probe x2  
  121  12:56  Probe  
  121  12:57  Probe  
  125  13:03  Probe x2  
  127  13:06  Probe  
  127  13:09  Probe  
  129  13:13  Stalker  
  129  13:14  Stalker x2  
  129  13:15  Probe  
  129  13:16  Probe  
  133  13:24  Stalker x2  
  133  13:31  Tempest (Chrono Boost)  
  137  13:37  Photon Cannon  
  137  13:40  Photon Cannon  
  137  13:59  Tempest (Chrono Boost)  
  141  14:06  Stargate  
  141  14:07  Stargate  
  141  14:08  Tempest (Chrono Boost)  
  141  14:09  Stargate  
  145  14:10  Stargate  
  145  14:15  Stargate  
Show
View Real Time Build Order
Export as new Build Order

Fropez Protoss 

Build Orders:  

Get SALT Encoding   

  12  0:01  Probe (Chrono Boost)  
  13  0:14  Pylon  
  13  0:18  Probe (Chrono Boost)  
  14  0:28  Pylon  
  14  0:32  Probe (Chrono Boost)  
  15  0:47  Probe (Chrono Boost), Gateway  
  16  0:53  Gateway  
  16  0:57  Probe (Chrono Boost)  
  16  1:02  Assimilator  
  17  1:08  Probe (Chrono Boost)  
  18  1:17  Pylon  
  19  1:18  Probe (Chrono Boost)  
  19  1:29  Probe (Chrono Boost)  
  19  1:31  Pylon  
  20  1:44  Probe (Chrono Boost)  
  21  1:52  Cybernetics Core  
  21  1:57  Assimilator  
  21  2:00  Probe (Chrono Boost)  
  22  2:10  Probe (Chrono Boost)  
  23  2:21  Probe (Chrono Boost)  
  24  2:26  Pylon  
  24  2:32  Mothership Core (Chrono Boost)  
  24  2:34  Pylon  
  26  2:44  Warp Gate (Chrono Boost)  
  26  2:50  Probe (Chrono Boost), Robotics Facility  
  27  2:51  Adept  
  27  2:54  Adept  
  31  3:02  Probe (Chrono Boost)  
  32  3:21  Adept  
  32  3:22  Adept  
  36  3:51  Pylon  
  36  3:54  Pylon  
  36  4:09  Warp Prism, Probe  
  39  4:21  Probe  
  35  4:56  Probe  
  34  5:03  Nexus  
  34  5:05  Assimilator  
  32  5:08  Probe  
  32  5:10  Assimilator  
  32  5:13  Pylon  
  33  5:15  Adept x2  
  33  5:19  Gateway  
  33  5:21  Probe  
  38  5:24  Gateway  
  38  5:30  Nexus  
  38  5:36  Pylon  
  38  5:48  Probe  
  39  5:51  Gateway  
  39  6:00  Probe  
  40  6:10  Observer  
  41  6:12  Probe  
  41  6:16  Probe  
  43  6:24  Probe  
  44  6:27  Probe  
  45  6:37  Stargate  
  45  6:38  Probe  
  46  6:40  Stargate  
  46  6:45  Stalker x3  
  52  6:55  Probe  
  49  7:06  Probe  
  49  7:07  Probe  
  46  7:10  Stalker x3  
  52  7:16  Probe  
  53  7:26  Phoenix  
  53  7:27  Phoenix, Probe  
  58  7:30  Observer  
  59  7:44  Probe x2  
  59  7:45  Probe, Assimilator  
  59  7:49  Assimilator  
  62  7:54  Gateway  
  62  7:56  Gateway  
  62  8:04  Phoenix x2  
  66  8:29  Phoenix  
  66  8:33  Probe  
  68  8:34  Probe  
  68  8:35  Pylon  
  68  8:39  Gateway  
  68  8:41  Stalker x3  
  69  8:43  Probe  
  66  8:48  Stalker  
  58  8:59  Stalker  
  43  9:28  Probe  
  43  9:30  Probe  
  44  9:31  Fleet Beacon  
  45  9:40  Probe  
  45  9:42  Probe  
  45  9:44  Probe  
  48  10:03  Phoenix  
  46  10:38  Probe  
  47  10:44  Anion Pulse-Crystals (Chrono Boost)  
  47  10:45  Phoenix  
  47  10:48  Probe x2  
  50  10:55  Probe, Gateway  
  52  10:59  Probe  
  53  11:37  Probe  
  53  11:38  Probe  
  51  11:40  Phoenix x2  
  55  11:50  Probe, Gateway  
  55  11:51  Probe  
  55  11:54  Probe  
  58  12:03  Probe  
  58  12:06  Phoenix  
  59  12:38  Phoenix x2 (Chrono Boost)  
  63  12:44  Probe  
  63  12:45  Probe x2  
  66  13:01  Tempest x2 (Chrono Boost)  
  64  13:36  Pylon x2  
  64  13:37  Pylon  
  64  13:38  Tempest x2 (Chrono Boost)  
  72  14:08  Probe x2  
Tags
 
League
GoldGold
Matchup
PvP
Replay Pack
All Mines
Spawn Locations
Close Positions
Add a new tag
Caveats
  • Supply blocks, unpowered buildings, or Contaminate may cause inaccurate times.
  • Supply counts are checked every 10 seconds.